 Dungeon Crawl Stone Soup version 0.19-a0-1013-g40768a3 (webtiles) character file.

3547 4thArraOfDagon the Martial Artist (level 10, -17/51 HPs)
             Began as a Vine Stalker Monk on July 24, 2016.
             Was an Elder of Cheibriados (penitent).
             Killed from afar by Fannar (30 damage)
             ... with a bolt of cold
             ... on level 2 of the Lair of Beasts.
             The game lasted 00:18:19 (2802 turns).

4thArraOfDagon the Martial Artist (VSMo)            Turns: 2802, Time: 00:18:20

Health: -17/51     AC:  9    Str: 15    XL:     10   Next: 9%
Magic:  0/15       EV: 13    Int: 20    God:    Cheibriados [*]
Gold:   116        SH:  0    Dex: 16    Spells: 1 memorised, 8 levels left

rFire  . . .     SeeInvis .       - Unarmed
rCold  . . .     Gourm    .     x - +1 ring mail {rPois}
rNeg   . . .     Faith    .     (no shield)
rPois  +         Spirit   +     m - +2 helmet {Int+3}
rElec  .         Dismiss  .     (no cloak)
rCorr  .         Reflect  .     (no gloves)
SustAt .         Harm     .     (no boots)
MR     +....                    (no amulet)
Stlth  ++........               u - +4 ring of intelligence
                                D - -3 ring of slaying

@: exhausted, about to teleport, slowed, very slow, somewhat resistant to
hostile enchantments, unstealthy
A: fangs 3, regeneration 2, magic shield, antimagic bite, no device heal 3, rot
immunity
a: Renounce Religion


You were on level 2 of the Lair of Beasts.
You worshipped Cheibriados.
Cheibriados was demanding penance.
You were very hungry.

You visited 2 branches of the dungeon, and saw 13 of its levels.

You collected 467 gold pieces.
You spent 351 gold pieces at shops.

Inventory:

Hand Weapons
 q - a +3 trident of protection
Missiles
 j - 4 silver javelins
 v - a throwing net (quivered)
Armour
 a - a +0 robe
 c - a +0 ring mail
 e - a +1 helmet
 m - a +2 helmet of intelligence (worn)
 n - a +0 plate armour
 x - a +1 ring mail of poison resistance (worn)
Jewellery
 u - a +4 ring of intelligence (right hand)
 D - a -3 ring of slaying (left hand)
Wands
 t - a wand of lightning (8/15)
 w - a wand of iceblast (9/15)
 A - a wand of lightning (15/15)
 B - a wand of random effects (40/48)
Scrolls
 d - a scroll of immolation
 i - a scroll of fog
 l - a scroll of remove curse
 r - a scroll of amnesia
Potions
 g - 2 potions of curing
 h - a potion of cancellation {unknown}
 k - 2 potions of brilliance
 o - a potion of resistance {unknown}
 p - a potion of flight
 s - a potion of berserk rage
Comestibles
 b - 2 bread rations
 z - a meat ration


   Skills:
 - Level 5.3 Fighting
 - Level 4.2 Dodging
 - Level 2.4 Stealth
 * Level 9.2 Unarmed Combat
 + Level 2.7 Spellcasting
 * Level 4.3 Transmutations
 * Level 4.3 Earth Magic
 - Level 5.3 Invocations


You had 8 spell levels left.
You knew the following spells:

 Your Spells              Type           Power        Failure   Level  Hunger
a - Statue Form           Tmut/Erth      ###......    100%        6    #######


Dungeon Overview and Level Annotations

Branches:
Dungeon (11/15)              Lair (2/6) D:10
 Temple: D:4-7        Swamp: Lair:2-4    Shoals: Lair:2-4     Snake: Lair:2-4
 Spider: Lair:2-4       Orc: D:9-12

Altars:
Cheibriados
Dithmenos
Fedhas
Yredelemnul
Zin

Shops:
D:4 (   D:9 =   D:10 *

Annotations:
D:3 1 runed door
D:4 Duvessa
Lair:2 Fannar


Innate Abilities, Weirdness & Mutations

You have razor-sharp teeth.
You heal very quickly.
When hurt, damage is shared between your health and your magic reserves.
Your bite disrupts and absorbs the magic of your enemies.
Potions and wands cannot restore your health.
You are immune to rotting.


Message History

You closely miss Fannar. Your bite misses Fannar.
Fannar is heavily wounded.
You are no longer berserk.
You are exhausted.
You feel yourself slow down.
You are feeling very hungry.
The ice beast misses you.
Fannar gestures wildly while chanting.
The ice beast hits you but does no damage.
Unknown command.
Unknown command.
Unknown command.
As you read the scroll of teleportation, it crumbles to dust.
You feel strangely unstable. The ice beast barely misses you.
The ice beast misses you.
Fannar says, "I shall freeze you to your soul!"
Fannar points at you and mumbles some strange words.
The bolt of cold hits you!
Ouch! That really hurt!
You die...

## ##. ##.. #... .. #...
#.## #... #######..#
###... #.#PP# ..### #.....
.# ###..@Y# #.e. ##....
...##..Y.eY###.### ##...
................P#####P...
#P..............###......#
............##.#.......P##
............####.###.#.###
#..........## #.P#.##..##
##......(..# #.###......
##P......## #..#.......


You could see Fannar and 3 ice beasts.

Vanquished Creatures
  A rime drake (Lair:2)
  Eustachio (D:4)
  A basilisk (D:7)
  3 hippogriffs
  A soldier ant (D:8)
  A water moccasin (D:9)
  2 orc warriors (D:10)
  An ice beast (D:10)
  A black bear (Lair:1)
  4 ogres
  3 centaurs
  5 giant frogs
  A wyvern skeleton (D:10)
  A scorpion (D:8)
  A killer bee (D:8)
  A howler monkey (D:9)
  A centaur zombie (D:9)
  A giant frog zombie (D:10)
  A hound (D:7)
  8 orc priests
  7 orc wizards
  2 giant frog skeletons
  A centaur skeleton (D:7)
  2 iguanas
  6 worker ants
  2 hound skeletons (D:4)
  3 gnolls (D:7)
  6 adders
  An ooze (D:2)
  An adder skeleton (D:4)
  A worm (D:3)
  A dart slug (D:3)
  A giant gecko (D:11)
  18 orcs
  7 giant cockroaches (D:8)
  3 goblins (D:3)
  A hobgoblin (D:3)
  4 quokkas
  A bat (D:3)
  A giant newt (D:3)
  A goblin skeleton (D:3)
  A jackal skeleton (D:4)
  2 rats (D:3)
  2 butterflies (D:8)
  A plant (D:10)
115 creatures vanquished.

Notes
Turn   | Place    | Note
-------+----------+-------------------------------------------
     0 | D:1      | 4thArraOfDagon the Vine Stalker Monk began the quest for the Orb.
     0 | D:1      | Reached XP level 1. HP: 11/11 MP: 2/2
   127 | D:3      | Reached XP level 2. HP: 16/16 MP: 3/3
   210 | D:3      | Noticed a human
   211 | D:3      | Found a runed door.
   212 | D:3      | Noticed an ogre
   228 | D:3      | Killed an ogre
   228 | D:3      | Reached skill level 4 in Unarmed Combat
   228 | D:3      | Reached XP level 3. HP: 3/20 MP: 1/4
   228 | D:3      | Reached XP level 4. HP: 4/24 MP: 1/5
   240 | D:3      | Found a basalt altar of Yredelemnul.
   274 | D:3      | Turgon: It was slightly risky to attack the ogre with 2 HP, wasn't it?
   284 | D:3      | Turgon: :-)
   287 | D:3      | Found a blossoming altar of Fedhas.
   352 | D:4      | Reached XP level 5. HP: 28/28 MP: 6/6
   353 | D:4      | 4thArraOfDagon: :D
   355 | D:4      | Found a glowing silver altar of Zin.
   355 | D:4      | Found a snail-covered altar of Cheibriados.
   355 | D:4      | Noticed Duvessa
   356 | D:4      | 4thArraOfDagon: only slight ;p
   365 | D:4      | Became a worshipper of Cheibriados the Contemplative
   365 | D:4      | Reached * piety under Cheibriados
   365 | D:4      | Reached ** piety under Cheibriados
   475 | D:4      | Found a shadowy altar of Dithmenos.
   503 | D:4      | Reached skill level 5 in Unarmed Combat
   504 | D:4      | Noticed Eustachio
   553 | D:4      | Killed Eustachio
   553 | D:4      | Reached skill level 1 in Invocations
   553 | D:4      | Gained mutation: You heal very quickly. [Vine Stalker growth]
   553 | D:4      | Reached XP level 6. HP: 23/33 MP: 6/8
   591 | D:5      | Entered Level 5 of the Dungeon
   683 | D:4      | Reached XP level 7. HP: 37/37 MP: 9/9
   698 | D:4      | Found Duaresh's Antique Weapon Emporium.
   730 | D:3      | Reached skill level 6 in Unarmed Combat
   933 | D:7      | Noticed a basilisk
   961 | D:7      | Killed a basilisk
  1044 | D:7      | Gained mutation: You have razor-sharp teeth. [Vine Stalker growth]
  1044 | D:7      | Reached XP level 8. HP: 36/42 MP: 8/11
  1079 | D:7      | Reached skill level 7 in Unarmed Combat
  1197 | D:7      | Reached *** piety under Cheibriados
  1255 | D:8      | Reached skill level 5 in Fighting
  1390 | D:9      | Found Nampym Tuasch's Jewellery Boutique.
  1462 | D:10     | Entered Level 10 of the Dungeon
  1500 | D:10     | Learned a level 6 spell: Statue Form
  1519 | D:10     | Found Uforoen's Island Escapes.
  1556 | D:10     | Reached skill level 8 in Unarmed Combat
  1634 | D:9      | HP: 1/43 [orc priest/divine providence (10)]
  1640 | D:10     | Reached XP level 9. HP: 3/47 MP: 4/13
  1641 | D:10     | 4thArraOfDagon: uhh
  1713 | D:9      | Reached skill level 1 in Transmutations
  1713 | D:9      | Reached skill level 1 in Earth Magic
  1735 | D:9      | Reached **** piety under Cheibriados
  1738 | D:9      | Reached skill level 1 in Spellcasting
  1905 | D:10     | Found a staircase to the Lair.
  1964 | D:11     | Noticed a komodo dragon
  1965 | D:11     | Noticed a hill giant
  2113 | D:10     | Reached skill level 5 in Invocations
  2158 | D:11     | Noticed a cyclops
  2212 | D:8      | Found a runed door.
  2222 | D:8      | Found a runed door.
  2483 | D:9      | Bought a +4 ring of intelligence for 351 gold pieces
  2572 | D:10     | Reached skill level 9 in Unarmed Combat
  2593 | Lair:1   | Entered Level 1 of the Lair of Beasts
  2601 | Lair:1   | Noticed a five-headed hydra
  2621 | Lair:1   | Reached XP level 10. HP: 49/51 MP: 14/14
  2776 | Lair:2   | Noticed Fannar
  2783 | Lair:2   | Was placed under penance by Cheibriados
  2802 | Lair:2   | Killed from afar by Fannar

Vault maps used:
D:1:      elethiomel_arrival_shortcut
D:2:      minmay_roachtagon, minmay_tree_intersection, uniq_natasha
D:3:      fedhas_altar_1, dk_yredelemnul_ordeal
D:4:      nicolae_dithmenos_shadow_blocks, grunt_temple_overflow_open,
          serial_shops, kennysheep_little_box, uniq_eustachio, uniq_edmund,
          uniq_duvessa
D:5:      kennysheep_spiral_hall, nicolae_tso_swordbearing_angel, first_bread,
          kennysheep_generic_room_14
D:6:      serial_shops, kennysheep_mini_moat
D:8:      lemuel_insect_pit, the_bakery, eino_small_chamber_without_monster
D:9:      serial_shops, nicolae_shop_temple_entry_statues_fountains
D:10:     dpeg_oklobed_lair, nicolae_island_escapes
D:11:     minmay_orc_entry_guard_dogs, kennysheep_cluttered_room, uniq_sonja,
          uniq_snorg
Lair:2:   spider_nest_entry_web_field, uniq_fannar

Skill      XL: |  1  2  3  4  5  6  7  8  9 |
---------------+----------------------------+-----
Fighting       | 3 4 5 |  5.3
Unarmed Combat | 4 5 6 8 9 |  9.2
Invocations    | 1 2 4 5 |  5.3
Dodging        | 3 4 |  4.2
Transmutations | 4 |  4.3
Earth Magic    | 4 |  4.3
Spellcasting   | 2 |  2.7
Stealth        | |  2.4

Action                   |  1- 3 |  4- 6 |  7- 9 | 10-12 || total
-------------------------+-------+-------+-------+-------++-------
Melee: Unarmed           |    49 |    80 |   270 |    23 ||   422
       Bite              |    19 |    30 |   140 |     7 ||   196
       Punch             |       |     5 |    23 |     1 ||    29
Invok: Bend Time         |       |     1 |     1 |     1 ||     3
       Slouch            |       |       |     2 |       ||     2
Evoke: Wand              |       |       |     1 |       ||     1
  Use: Scroll            |     2 |       |    12 |     1 ||    15
       Potion            |       |       |     1 |     1 ||     2
 Stab: Sleeping          |       |     1 |       |       ||     1
  Eat: Chunk             |       |       |     3 |       ||     3
Armor: Ring mail         |     5 |    19 |    49 |    15 ||    88
       Plate armour      |       |       |    27 |       ||    27
Dodge: Dodged            |    23 |    40 |   135 |    23 ||   221
